 Dungeon Crawl Stone Soup version 0.25.1-8-g42b30a86e7 (webtiles) character file.

Game seed: 4076986650264280090

42 hawla the Conjurer (level 3, 0/26 HPs)
             Began as a Draconian Conjurer on Dec 10, 2020.
             Slain by a hound (3 damage)
             ... on level 1 of the Dungeon.
             The game lasted 00:02:54 (1537 turns).

hawla the Conjurer (Draconian Conjurer)             Turns: 1537, Time: 00:02:54

Health: 0/26       AC:  5    Str: 10    XL:     3   Next: 35%
Magic:  3/7        EV: 12    Int: 16    God:
Gold:   61         SH:  0    Dex: 11    Spells: 5/8 levels left

rFire    . . .     SeeInvis .   (no weapon)
rCold    . . .     Gourm    .   (no shield)
rNeg     . . .     Faith    .   (armour unavailable)
rPois    .         Spirit   .   (helmet restricted)
rElec    .         Reflect  .   (no cloak)
rCorr    .         Harm     .   (no gloves)
MR       .....                  (no boots)
Stlth    ++........             (no amulet)
HPRegen  0.08/turn              (no ring)
MPRegen  0.10/turn              (no ring)

@: brilliant, flying, very slightly contaminated
A: unfitting armour, cold-blooded, AC +5
a: no special abilities


You were on level 1 of the Dungeon.
You were not hungry.

You visited 1 branch of the dungeon, and saw 3 of its levels.

You collected 61 gold pieces.

Inventory:

Scrolls
 h - 2 scrolls of identify {unknown}
 j - 2 scrolls of amnesia {unknown}
Potions
 d - 2 potions of heal wounds {unknown}
 e - a potion of curing {unknown}
 f - a potion of degeneration {unknown}
 g - 2 potions of lignification {unknown}
 i - a potion of might {unknown}
Comestibles
 b - 4 rations
 k - a chunk of flesh


   Skills:
 - Level 1.7 Dodging
 - Level 1.7 Stealth
 + Level 3.1 Spellcasting
 * Level 4.4 Conjurations


You had 5 spell levels left.
You knew the following spells:

 Your Spells              Type           Power        Failure   Level  Hunger
a - Magic Dart            Conj           ####         3%          1    None
b - Searing Ray           Conj           ####..       4%          2    None

Your spell library contained the following spells:

 Spells                   Type           Power        Failure   Level  Hunger
 Dazzling Flash           Conj/Hex       ##....       22%         3    None
 Fulminant Prism          Conj/Hex       ##........   58%         4    None
 Iskenderun's Mystic Bla  Conj/Tloc      ##......     58%         4    None


Dungeon Overview and Level Annotations

Branches:
Dungeon (3/15)

Altars:


Innate Abilities, Weirdness & Mutations

Your plain brown scales are hard. (AC +5)
You cannot fit into any form of body armour.
You are cold-blooded and may be slowed by cold attacks.


Message History

Aiming: Searing Ray (safe; 4% risk of failure)
Press: ? - help, Shift-Dir - straight line, f/p - gnoll
Aim: a gnoll, wielding a +2 whip of flaming The searing ray hits the gnoll!
The gnoll is severely wounded. (Press . to maintain the ray.)
The hound bites you.
* * * LOW HITPOINT WARNING * * *
The gnoll hits you with a +2 whip of flaming.
* * * LOW HITPOINT WARNING * * *
The gnoll burns you.
* * * LOW HITPOINT WARNING * * *
It was a potion of flight.
You feel very buoyant.
You fly up into the air.
The hound closely misses you. The gnoll misses you.
The hound bites you but does no damage.
It was a potion of brilliance.
You feel clever all of a sudden. The hound bites you.
You die...

#####...... #..(.....##
#####.##.# ###### #.##.#
#....########.##.#
#................##
#....####..........
###h#####.###......
#@................
#g)#####.###.#..#.
#..###............
###############..#.........#....
#.............#..#.#########....
#.###########.#..#.#########....
#.# #.#................. #.#
#.#..#............#. #.#
#.#..##############.


You could see a hound and a gnoll.

Vanquished Creatures
  A gnoll (D:1)
  An adder (D:2)
  A dart slug (D:1)
  2 leopard geckos (D:1)
  3 goblins (D:1)
  2 hobgoblins (D:2)
  A ball python (D:1)
  5 bats
  A frilled lizard (D:1)
  3 kobolds
  A rat (D:2)
21 creatures vanquished.

Notes
Turn   | Place    | Note
-------+----------+-------------------------------------------
     0 | D:1      | hawla the Draconian Conjurer began the quest for the Orb.
     0 | D:1      | Reached XP level 1. HP: 14/14 MP: 3/3
   376 | D:1      | Reached XP level 2. HP: 15/20 MP: 0/5
  1123 | D:1      | Learned a level 2 spell: Searing Ray
  1293 | D:2      | You fall into a shaft and drop 1 floor!
  1302 | D:2      | Reached XP level 3. HP: 26/26 MP: 1/7
  1537 | D:1      | Slain by a hound

Illustrated notes

Levels and vault maps discovered:
D:1:      sevenhm_arrival_forest_fort_large_4, layout_basic
D:2:      layout_rooms, gammafunk_temple_overflow_forgotten,
          chequers_ecumenical_altar_simple, minmay_misc_feat_pillars,
          minmay_tetromino_t4
D:3:      layout_rooms, fedhas_altar_3, gammafunk_ghost_necromancy

Skill      XL: |  1  2 |
---------------+-------+-----
Spellcasting   | 3 |  3.1
Dodging        | |  1.7
Stealth        | |  1.7
Conjurations   | |  4.4

Action                   || total
-------------------------++-------
Melee: Unarmed           ||     5
       Tailslap          ||     1
 Cast: Magic Dart        ||    38
       Searing Ray       ||     6
  Use: Potion            ||     2
  Eat: Chunk             ||     2
Armor: Skin              ||     5
Dodge: Dodged            ||    26
